 Dungeon Crawl Stone Soup version 0.27.1-33-g824d729ab1 (webtiles) character file.

Game seed: 12431300040320599090

394 jlumianski the Grasshopper (level 6, 0/51 HPs)
             Began as a Gnoll Warper on Dec 26, 2021.
             Slain by Pikel (20 damage)
             ... on level 4 of the Dungeon.
             The game lasted 00:19:36 (4605 turns).

jlumianski the Grasshopper (Gnoll Warper)           Turns: 4605, Time: 00:19:37

Health: 0/51       AC:  3    Str: 11    XL:     6   Next: 81%
Magic:  14/14      EV: 13    Int: 13    God:
Gold:   175        SH:  0    Dex: 12    Spells: 10/15 levels left

rFire    . . .     SeeInvis .   v - +2 dagger (elec)
rCold    . . .     Faith    .   (no shield)
rNeg     . . .     Spirit   .   b - +0 leather armour
rPois    .         Reflect  .   (no helmet)
rElec    .         Harm     .   (no cloak)
rCorr    .         Rampage  .   (no gloves)
Will     .....                  (no boots)
Stlth    ++........             (no amulet)
HPRegen  0.17/turn              (no ring)
MPRegen  0.14/turn              (no ring)

@: no status effects
A: fangs 1, strong nose, distributed training
a: no special abilities


You were on level 4 of the Dungeon.
You visited 1 branch of the dungeon, and saw 4 of its levels.

You collected 175 gold pieces.

Inventory:

Hand Weapons
 a - a +0 short sword
 f - a +0 whip
 i - a +0 scimitar
 s - a +0 broad axe
 v - a +2 dagger of electrocution (weapon)
 y - a +0 fustibalus
 z - a +0 dagger of venom
 B - a +1 long sword of flaming
 D - a +2 scimitar
Missiles
 d - 4 boomerangs of dispersal
 e - 126 stones (quivered)
 k - 16 sling bullets
Armour
 b - a +0 leather armour (worn)
 A - a +0 ring mail
Jewellery
 j - a ring of ice
Wands
 q - a wand of iceblast (6)
 x - a wand of paralysis (10)
Scrolls
 c - a scroll of blinking
 m - 2 scrolls of identify
 p - a scroll of teleportation
 t - a scroll of amnesia
 C - a scroll of immolation {unknown}
Potions
 g - a potion of lignification {unknown}
 h - a potion of invisibility {unknown}
 l - a potion of might
 n - a potion of berserk rage {unknown}
 o - a potion of degeneration {unknown}
 r - 2 potions of heal wounds
 u - a potion of cancellation {unknown}
 w - a potion of resistance {unknown}


   Skills:
 + Level 5.0 Fighting
 + Level 5.0 Short Blades
 + Level 2.1 Long Blades
 + Level 2.1 Axes
 + Level 2.1 Maces & Flails
 + Level 2.1 Polearms
 + Level 2.1 Staves
 + Level 2.1 Slings
 + Level 2.1 Bows
 + Level 2.1 Crossbows
 + Level 3.3 Throwing
 + Level 3.3 Armour
 + Level 5.0 Dodging
 + Level 2.1 Stealth
 + Level 2.1 Shields
 + Level 2.1 Unarmed Combat
 + Level 5.4 Spellcasting
 + Level 1.7 Conjurations
 + Level 1.7 Hexes
 + Level 1.7 Summonings
 + Level 1.7 Necromancy
 + Level 5.7 Translocations
 + Level 1.7 Transmutations
 + Level 1.7 Fire Magic
 + Level 1.7 Ice Magic
 + Level 1.7 Air Magic
 + Level 1.7 Earth Magic
 + Level 1.7 Poison Magic
 + Level 2.3 Invocations
 + Level 2.1 Evocations


You had 10 spell levels left.
You knew the following spells:

 Your Spells              Type           Power      Damage    Failure   Level
a - Blink                 Tloc           N/A        N/A       3%          2
b - Gell's Gravitas       Tloc           9%         N/A       6%          3

Your spell library contained the following spells:

 Spells                   Type           Power      Damage    Failure   Level
 Lesser Beckoning         Tloc           9%         N/A       6%          3
 Teleport Other           Tloc           18%        N/A       6%          3
 Ignite Poison            Fire/Tmut/Pois 8%         N/A       32%         3
 Mephitic Cloud           Conj/Pois/Air  8%         N/A       32%         3
 Manifold Assault         Tloc           18%        N/A       52%         5
 Summon Forest            Summ/Tloc      6%         N/A       80%         5
 Bolt of Magma            Conj/Fire/Erth 4%         4d5       97%         5
 Eringya's Noxious Bog    Tmut/Pois      4%         N/A       100%        6
 Summon Hydra             Summ           4%         N/A       100%        7


Dungeon Overview and Level Annotations

Branches:
Dungeon (4/15)
 Temple: D:4-7

Altars:

Shops:
D:2 [   D:4 [

Annotations:
D:4 Pikel


Innate Abilities, Weirdness & Mutations

You have very sharp teeth.
Your uncanny sense of smell can sniff out nearby items.
Your experience applies equally to all skills.


Message History

e - 123 stones (gained 15);
C - a scroll labelled SASTA XOABBI
Things that are here:
a +2 scimitar; a +0 robe
D - a +2 scimitar
e - 124 stones (gained 1)
e - 125 stones (gained 1)
You see here a +0 robe.
e - 126 stones (gained 1)
e - 127 stones (gained 1)
You see here a +0 robe.
Found a stone staircase leading up.
Found a stone staircase leading down.
Pikel the Slaver comes into view.
He is wielding a +0 whip of electrocution.
A lemure comes into view.
A lemure comes into view.
Pikel shouts!
The lemure shouts! x2
A lemure comes into view.
The lemure shouts! x2
Throw: 127 stones
Press: ? - help, Q - select action, (/) - cycle Shift-Dir - straight line, f - lemure
Aim: a lemure (53% to hit)
You throw a stone. The stone barely misses the lemure.
You closely miss the lemure. The lemure misses you.
You hit the lemure.
The lemure is lightly wounded.
The lemure hits you.
You barely miss the lemure.
The lemure is lightly wounded.
You hit Pikel but do no damage. Your bite misses Pikel. You hit Pikel.
Pikel is lightly wounded.
Pikel hits you with a +0 whip of electrocution.
You are electrocuted!!
You closely miss Pikel. You punch Pikel, but do no damage.
Pikel is lightly wounded.
You hit Pikel.
Pikel is lightly wounded.
Pikel hits you with a +0 whip of electrocution!
You are electrocuted!!
You die...

.#############.#..#######
..... ................
#.### ######...####### ..
...<.....# ######..
###...#..# .......5
#....#..## .####
#.##.#...# ....#
#.###5####...# .##.#
.....555K@..># .##.#
#.###(####.### '##.# ..
#.# ..#.# ... #.# ..#.#
#.# ..# ###.. . #.# .####
#.. .# #.# .#


You could see Pikel and 4 lemures.

Vanquished Creatures
  4 wights
  2 hounds (D:4)
  A jelly (D:4)
  3 gnolls (D:4)
  5 adders
  2 worms
  3 orcs
  4 endoplasms
  3 giant cockroaches
  9 hobgoblins
  2 quokkas (D:2)
  7 ball pythons
  6 bats
  2 frilled lizards (D:2)
  4 goblins
  5 kobolds
  3 rats
65 creatures vanquished.

Notes
Turn   | Place    | Note
-------+----------+-------------------------------------------
     0 | D:1      | jlumianski the Gnoll Warper began the quest for the Orb.
     0 | D:1      | Reached XP level 1. HP: 20/20 MP: 6/6
   359 | D:1      | Reached XP level 2. HP: 26/26 MP: 7/7
   455 | D:1      | Learned a level 2 spell: Blink
   819 | D:1      | Found a faded altar of an unknown god.
  1684 | D:2      | Found Qaelesch's Armour Shoppe.
  1715 | D:2      | Reached skill level 5 in Spellcasting
  1715 | D:2      | Reached XP level 3. HP: 18/31 MP: 7/9
  2240 | D:3      | Reached skill level 1 in Invocations
  2443 | D:3      | Reached skill level 1 in Long Blades
  2443 | D:3      | Reached skill level 1 in Axes
  2443 | D:3      | Reached skill level 1 in Maces & Flails
  2443 | D:3      | Reached skill level 1 in Polearms
  2443 | D:3      | Reached skill level 1 in Staves
  2443 | D:3      | Reached skill level 1 in Slings
  2443 | D:3      | Reached skill level 1 in Bows
  2443 | D:3      | Reached skill level 1 in Crossbows
  2443 | D:3      | Reached skill level 1 in Stealth
  2443 | D:3      | Reached skill level 1 in Shields
  2443 | D:3      | Reached skill level 1 in Unarmed Combat
  2443 | D:3      | Reached skill level 1 in Evocations
  2629 | D:3      | Learned a level 3 spell: Gell's Gravitas
  2650 | D:3      | Reached XP level 4. HP: 34/38 MP: 11/11
  3752 | D:4      | Reached skill level 1 in Conjurations
  3752 | D:4      | Reached skill level 1 in Hexes
  3752 | D:4      | Reached skill level 1 in Summonings
  3752 | D:4      | Reached skill level 1 in Necromancy
  3752 | D:4      | Reached skill level 1 in Transmutations
  3752 | D:4      | Reached skill level 1 in Fire Magic
  3752 | D:4      | Reached skill level 1 in Ice Magic
  3752 | D:4      | Reached skill level 1 in Air Magic
  3752 | D:4      | Reached skill level 1 in Earth Magic
  3752 | D:4      | Reached skill level 1 in Poison Magic
  3820 | D:4      | Reached XP level 5. HP: 40/43 MP: 12/12
  4272 | D:4      | Found Golozure's Antique Armour Emporium.
  4276 | D:4      | Reached XP level 6. HP: 44/50 MP: 13/13
  4500 | D:3      | Reached skill level 5 in Fighting
  4500 | D:3      | Reached skill level 5 in Short Blades
  4500 | D:3      | Reached skill level 5 in Dodging
  4592 | D:4      | Noticed Pikel
  4605 | D:4      | Slain by Pikel

Illustrated notes

Levels and vault maps discovered:
D:1:      nicolae_arrival_washed_ashore, layout_basic,
          shapermc_ecumenical_altar_totnotflames, minmay_statues_item
D:2:      layout_loops_cross, serial_shops, shop, dk_noncrumbling_4
D:3:      layout_basic, minmay_misc_feat_room
D:4:      layout_basic, serial_shops, nicolae_take_the_stairs,
          kennysheep_generic_room_8, uniq_pikel

Skill      XL: |  1  2  3  4  5  6 |
---------------+-------------------+-----
Spellcasting   | 5 |  5.4
Invocations    | 1 2 |  2.3
Long Blades    | 1 2 |  2.1
Axes           | 1 2 |  2.1
Maces & Flails | 1 2 |  2.1
Polearms       | 1 2 |  2.1
Staves         | 1 2 |  2.1
Slings         | 1 2 |  2.1
Bows           | 1 2 |  2.1
Crossbows      | 1 2 |  2.1
Stealth        | 1 2 |  2.1
Shields        | 1 2 |  2.1
Unarmed Combat | 1 2 |  2.1
Evocations     | 1 2 |  2.1
Conjurations   | 1 |  1.7
Hexes          | 1 |  1.7
Summonings     | 1 |  1.7
Necromancy     | 1 |  1.7
Transmutations | 1 |  1.7
Fire Magic     | 1 |  1.7
Ice Magic      | 1 |  1.7
Air Magic      | 1 |  1.7
Earth Magic    | 1 |  1.7
Poison Magic   | 1 |  1.7
Throwing       | 3 |  3.3
Armour         | 3 |  3.3
Fighting       | 5 |  5.0
Short Blades   | 5 |  5.0
Dodging        | 5 |  5.0
Translocations | |  5.7

Action                   |  1- 3 |  4- 6 || total
-------------------------+-------+-------++-------
Melee: Short sword       |   124 |       ||   124
       Bite              |     8 |     4 ||    12
       Dagger            |     7 |    82 ||    89
       Punch             |       |     1 ||     1
Throw: Stone             |    24 |    36 ||    60
       Boomerang         |     1 |       ||     1
 Cast: Blink             |     1 |       ||     1
  Use: Scroll            |     4 |     2 ||     6
       Potion            |     2 |       ||     2
Armor: Leather armour    |    32 |    12 ||    44
Dodge: Dodged            |    61 |    37 ||    98
